 Dungeon Crawl Stone Soup version 0.28.0-53-g5a82cb258f (webtiles) character file.

Game seed: 10621728567155422314

4 SanguineChosen the Chopper (level 1, 0/19 HPs)
             Began as a Hill Orc Cinder Acolyte on June 2, 2022.
             Was a High Priest of Ignis.
             Slain by a goblin
             ... wielding a +0 dagger
              (3 damage)
             ... on level 1 of the Dungeon.
             The game lasted 00:02:04 (90 turns).

SanguineChosen the Chopper (Hill Orc Cinder Acolyte)  Turns: 90, Time: 00:02:05

Health: 0/19       AC:  2    Str: 16    XL:     1   Next: 60%
Magic:  2/2        EV: 11    Int: 14    God:    Ignis [*****.]
Gold:   0          SH:  0    Dex:  6    Spells: 2/2 levels left

rFire   + . .      SeeInvis .   a - -1 hand axe (flame)
rCold   . . .      Faith    .   (no shield)
rNeg    . . .      Spirit   .   b - +0 robe
rPois   .          Reflect  .   (no helmet)
rElec   .          Harm     .   (no cloak)
rCorr   .          Rampage  .   (no gloves)
Will    .....                   (no boots)
Stlth   +.........              (no amulet)
HPRegen 0.06/turn               (no ring)
MPRegen 0.08/turn               (no ring)

@: no status effects
A: no striking features
a: Renounce Religion, Fiery Armour, Foxfire Swarm, Rising Flame


You were on level 1 of the Dungeon.
You worshipped Ignis.
Ignis was extremely pleased with you.
You visited 1 branch of the dungeon, and saw 1 of its levels.

Inventory:

Hand Weapons
 a - a -1 hand axe of flaming (weapon)
Armour
 b - a +0 robe (worn)


   Skills:
 + Level 3.6 Fighting
 + Level 4.2 Axes
 + Level 1.0 Spellcasting
 + Level 3.4 Fire Magic


You had 2 spell levels left.
You didn't know any spells.
Your spell library contained the following spells:

 Spells                   Type           Power      Damage    Failure   Level
 Scorch                   Fire           20%        2d6       10%         2


Dungeon Overview and Level Annotations

Branches:
Dungeon (1/15)

Altars:


Message History

The dart slug is heavily wounded.
The dart slug launches a dart at you. The slug dart hits you.
You hit the dart slug but do no damage.
The dart slug is heavily wounded.
You hit the dart slug. You burn the dart slug.
You kill the dart slug!
No target in view!
No target in view!
Found 28 stones.
An endoplasm comes into view.
The endoplasm quivers.
A kobold comes into view. It is wielding a +0 dagger.
A goblin comes into view. It is wielding a +0 dagger.
The goblin shouts!
The kobold throws a stone.
The stone barely misses you.
A giant cockroach comes into view.
The goblin barely misses you. The endoplasm closely misses you.
The kobold throws a stone.
The stone hits you but does no damage.
You hit the endoplasm. You burn the endoplasm.
The endoplasm is heavily wounded.
You hit the goblin. You burn the goblin. The goblin hits you with a +0 dagger.
The endoplasm closely misses you.
You closely miss the goblin.
The goblin is severely wounded.
You hit the kobold. You burn the kobold. You hit the endoplasm.
You burn the endoplasm.
You kill the endoplasm!
The giant cockroach waves its antennae.
The goblin hits you with a +0 dagger. The kobold hits you with a +0 dagger.
* * * LOW HITPOINT WARNING * * *
The giant cockroach waves its antennae.
Non-targeted read: scroll labelled VINOUT XOUKALI
Press: ? - help, Q - select action, (/) - cycle Dir - look around, f - activate Look: a goblin, wielding a +0 dagger (severely wounded)
As you read the scroll labelled VINOUT XOUKALI, it crumbles to dust.
The scroll dissolves into smoke.
It was a scroll of fog.
The goblin hits you with a +0 dagger.
You die...

#...#
##...###
.. ......#
.. #
#(....#
###.#
#.#.....#
#...
#.#.§K..#
..#
#.§B§...#
###.#
###g#####
#...## #@#
#..... #§#
#.#### #§#
###.## #
###.#
#....#
#...#
#.#..#
#.###
#.#..# #.#
#....# #.#
#..#.#
#.########
#....#


You could see a giant cockroach and a goblin.

Vanquished Creatures
  A dart slug (D:1)
  An endoplasm (D:1)
2 creatures vanquished.

Notes
Turn   | Place    | Note
-------+----------+-------------------------------------------
     0 | D:1      | SanguineChosen the Hill Orc Cinder Acolyte began the quest
                  | for the Orb.
     0 | D:1      | Reached XP level 1. HP: 19/19 MP: 2/2
    90 | D:1      | Slain by a goblin

Illustrated notes

Levels and vault maps discovered:
D:1:      dpeg_arrival_round_c, layout_loops_ring, serial_shops, shop,
          shapermc_ecumenical_altar_petra

Action                   || total
-------------------------++-------
Melee: Hand axe          ||     6
  Use: Scroll            ||     1
Armor: Robe              ||     1
Dodge: Dodged            ||     6
